 Dungeon Crawl Stone Soup version 0.31-a0-986-g5e6e4ef867 (webtiles) character file.

Game seed: 4020519569830573105

6899 Jeffwins the Skirmisher (level 10, -3/88 HPs)
             Began as a Yellow Draconian Shapeshifter on Nov 23, 2023.
             Was an Initiate of Gozag.
             Slain by an orc warrior
             ... wielding a +0 dire flail
              (7 damage)
             ... on level 9 of the Dungeon.
             The game lasted 00:23:02 (8101 turns).

Jeffwins the Skirmisher (DrSh)                      Turns: 8101, Time: 00:23:02

Health: -3/88      AC:  8    Str: 23    XL:     10   Next: 79%
Magic:  10/10      EV: 12    Int: 20    God:    Gozag
Gold:   484        SH:  0    Dex: 10    Spells: 9/9 levels left

rFire   . . .        j - +8 sling of Zack {drain, Will+ Int+3}
rCold   + . .        (no shield)
rNeg    . . .        (body armour unavailable)
rPois   .            (helmet restricted)
rElec   .            (no cloak)
rCorr   +            (no gloves)
SInv    .            u - +0 pair of boots
Will    +....        (no amulet)
Stlth   +++          C - ring of protection from cold
HPRegen 0.34/turn    z - ring of Jiriran {Str+6 Int+2}
MPRegen 0.12/turn

%: no passive effects
@: gold aura
A: spit acid, AC +7, unfitting armour, cold-blooded, acid resistance
a: Breathe Acid, Renounce Religion, Potion Petition, Call Merchant, Bribe Branch


You were on level 9 of the Dungeon.
You worshipped Gozag.
Gozag was aware of your devotion.
You visited 2 branches of the dungeon, and saw 10 of its levels.

You collected 659 gold pieces.
You paid 175 gold pieces to Gozag.


Innate Abilities, Weirdness & Mutations

You can spit globs of acid.
Your golden yellow scales are hard. (AC +7)
You cannot fit into any form of body armour.
You are cold-blooded and may be slowed by cold attacks.
You are resistant to acid. (rCorr)


   Skills:
 + Level 7.8 Fighting
 * Level 9.1 Ranged Weapons
 - Level 2.0 Dodging
 - Level 5.0 Stealth
 - Level 3.3 Unarmed Combat
 + Level 6.7 Evocations
 + Level 7.1 Shapeshifting


You had 9 spell levels left.
You didn't know any spells.
Your spell library contained the following spells:

 Spells                   Type           Power      Damage    Failure   Level
 Kiss of Death            Conj/Necr      0%         2d5       19%         1
 Sandblast                Erth           0%         2d4       19%         1
 Passwall                 Tmut/Erth      0%         N/A       28%         2
 Stone Arrow              Conj/Erth      0%         3d7       50%         3
 Brom's Barrelling Bould  Conj/Erth      0%         2d3       88%         4
 Passage of Golubria      Tloc           0%         N/A       88%         4
 Silence                  Hex/Air        0%         N/A       99%         5
 Lehudib's Crystal Spear  Conj/Erth      0%         10d2      100%        8

Inventory:

Hand Weapons
 j - the +8 sling of Zack (weapon) {drain, Will+ Int+3}
   (You found it on level 2 of the Dungeon)

   Int+3:     It affects your intelligence (+3).
   Will+:     It increases your willpower.
Missiles
 p - 13 poisoned darts
Armour
 u - a +0 pair of boots (worn)
Magical Staves
 E - a staff of poison
Jewellery
 w - a ring of willpower
 z - the ring of Jiriran (right hand) {Str+6 Int+2}
   (You found it on level 5 of the Dungeon)

   [ring of strength]

   Str+6:     It affects your strength (+6).
   Int+2:     It affects your intelligence (+2).
 C - a ring of protection from cold (left hand)
 F - a ring of protection from fire
 L - a ring of flight
Talismans
 b - a beast talisman
 c - a flux talisman
Wands
 k - a wand of charming (10)
 y - a wand of digging (4)
 G - a wand of polymorph (10)
Scrolls
 d - 3 scrolls of noise {unknown}
 g - a scroll of enchant weapon
 i - a scroll of fog
 l - 4 scrolls of revelation {unknown}
 q - 4 scrolls of teleportation {@r4}
 s - 8 scrolls of identify {unknown}
 x - 2 scrolls of vulnerability {unknown}
 A - a scroll of enchant armour {unknown}
 D - a scroll of acquirement {unknown}
Potions
 a - 4 potions of lignification {!q}
 e - 3 potions of might {unknown}
 f - 3 potions of berserk rage {unknown}
 h - 5 potions of heal wounds {unknown}
 m - a potion of degeneration {unknown}
 n - 2 potions of attraction {unknown}
 o - a potion of brilliance {unknown}
 r - 6 potions of curing {@q1}
 t - 2 potions of magic {unknown}
 v - a potion of mutation {unknown}
 B - a potion of enlightenment {unknown}

Dungeon Overview and Level Annotations

Branches:
Dungeon (9/15)             Temple (1/1) D:4
   Lair: D:8-11         Orc: D:9-12

Altars:
Ashenzari
Cheibriados
Dithmenos
Elyvilon
Fedhas
Gozag
Hepliaklqana
Kikubaaqudgha
Makhleb
Nemelex Xobeh
Okawaru
Qazlal
Ru
Sif Muna
Trog
Uskayaw
Vehumet
Wu Jian
Xom
Yredelemnul
Zin

Shops:
D:8

* #####
....
#... ...
#.. #.#
#.# #@#
#o# #o#
#.# #
#.# ..
YY## #.#
.# ..Y.
#.# .#
#..##.#
##.##
#.....##
....


You could see an orc warrior (drained) and an orc priest.


Message History

The orc priest is severely wounded.
The orc warrior hits you with a +0 dire flail.
* * * LOW HITPOINT WARNING * * *
The orc priest mumbles some strange prayers to Beogh against you.
Beogh smites you!
* * * LOW HITPOINT WARNING * * *
You are too injured to fight recklessly!
Unknown command.
Okay, then.
Unknown command.
You shoot a sling bullet. The sling bullet hits the orc warrior!
The orc warrior is severely wounded.
The orc warrior hits you with a +0 dire flail!!
* * * LOW HITPOINT WARNING * * *
The orc priest calls down the wrath of Beogh upon you.
Beogh smites you!
* * * LOW HITPOINT WARNING * * *
Unknown command.
You feel better.
The orc warrior hits you with a +0 dire flail!
* * * LOW HITPOINT WARNING * * *
Unknown command.
Okay, then.
Okay, then.
You shoot a sling bullet. The sling bullet hits the orc warrior.
You drain the orc warrior.
The orc warrior is almost dead.
The orc warrior hits you with a +0 dire flail!
You die...
Your body crumbles into a pile of gold.

Skill      XL: |  1  2  3  4  5  6  7  8  9 10 |
---------------+-------------------------------+-----
Dodging        | 2 |  2.0
Ranged Weapons | 1 2 3 4 6 7 9 |  9.1
Stealth        | 1 2 3 4 5 |  5.0
Fighting       | 2 3 4 5 6 7 |  7.8
Evocations     | 1 2 3 4 5 6 |  6.7
Shapeshifting  | 4 5 6 7 |  7.1
Unarmed Combat | |  3.3

Action                     |  1- 3 |  4- 6 |  7- 9 | 10-12 || total
---------------------------+-------+-------+-------+-------++-------
  Melee: Unarmed           |    38 |       |       |     6 ||    44
         Tailslap          |     4 |       |       |     2 ||     6
         Punch             |     1 |       |       |       ||     1
   Fire: Sling             |    19 |    91 |   322 |   126 ||   558
Ability: Breathe Acid      |       |       |     1 |       ||     1
  Evoke: Wand              |       |       |    11 |       ||    11
    Use: Scroll            |       |     3 |     1 |     1 ||     5
         Potion            |       |       |     1 |     1 ||     2
 Armour: Skin              |    18 |     9 |   126 |    49 ||   202
  Dodge: Dodged            |    18 |    15 |   103 |    25 ||   161
   Form: Beast             |     1 |       |       |       ||     1
                           |       |     1 |       |     1 ||     2
         Flux              |       |       |       |     1 ||     1

Levels and vault maps discovered:
D:1:      evilmike_arrival_hilbert_curve, layout_loops_ring
D:2:      layout_rooms, shapermc_ecumenical_altar_notcrosses, uniq_terence,
          uniq_jessica
D:3:      layout_loops_cross, nzn_overflow_gifts_of_might_and_magic,
          chequers_serial_rivers_micro_b
D:4:      layout_loops_cross, nicolae_yredelemnul_ghost_church,
          gammafunk_temple_overflow_wave, minmay_temple_entry_antechambers
D:5:      kennysheep_big_flooded_room, layout_basic, serial_co_window_serial,
          co_window_of_opportunity_a, co_window_of_opportunity_a,
          co_window_paths_b, co_window_of_opportunity_a, co_window_paths_a,
          co_window_paths_b, co_window_paths_a, co_window_corner_a,
          co_window_corner_a, co_window_unsneaky_path_c,
          co_window_of_opportunity_b, co_window_broadway_c,
          co_window_unsneaky_path_b, co_window_2corner
D:6:      layout_loops_ring, mainiacjoe_overflow_paths,
          mainiacjoe_overflow_chevrons
D:7:      layout_layer_cave
D:8:      kennysheep_blocky_room, layout_cave_pools,
          nicolae_gozag_zags_fifth_avenue, elyvilon_altar_5, uniq_psyche
D:9:      layout_basic, david_orc_2, minivault_25_ag, uniq_joseph
Temple:   nicolae_temple_x_marks_the_god

Notes
Turn   | Place    | Note
-------+----------+-------------------------------------------
     0 | D:1      | Jeffwins the Draconian Shapeshifter began the quest for the
                  | Orb.
     0 | D:1      | Reached XP level 1. HP: 16/16 MP: 1/1
   346 | D:1      | Reached XP level 2. HP: 19/23 MP: 2/2
   874 | D:2      | Identified the +8 sling of Zack {drain, Will+ Int+3}
   994 | D:2      | Reached XP level 3. HP: 28/28 MP: 3/3
  1051 | D:2      | Reached skill level 2 in Dodging
  1068 | D:2      | Noticed Terence
  1077 | D:2      | Killed Terence
  1078 | D:2      | Reached skill level 1 in Ranged Weapons
  1078 | D:2      | Reached skill level 1 in Stealth
  1078 | D:2      | Reached XP level 4. HP: 36/36 MP: 4/4
  1130 | D:2      | Noticed Jessica
  1133 | D:2      | Killed Jessica
  1134 | D:2      | Reached skill level 2 in Fighting
  1134 | D:2      | Reached skill level 1 in Evocations
  1264 | D:2      | Found a faded altar of an unknown god.
  1320 | D:3      | Identified the "Adiph"
  1663 | D:3      | Reached XP level 5. HP: 41/41 MP: 5/5
  1665 | D:3      | Found a bloodstained altar of Trog.
  1674 | D:3      | Reached skill level 2 in Ranged Weapons
  1695 | D:3      | Found a shimmering blue altar of Sif Muna.
  2063 | D:4      | Noticed a black bear
  2069 | D:4      | Killed a black bear
  2076 | D:4      | Reached skill level 2 in Stealth
  2254 | D:4      | Reached XP level 6. HP: 50/50 MP: 6/6
  2261 | D:4      | Reached skill level 2 in Evocations
  2268 | D:4      | Noticed a water moccasin
  2273 | D:4      | Killed a water moccasin
  2274 | D:4      | Reached skill level 3 in Fighting
  2274 | D:4      | Reached skill level 3 in Ranged Weapons
  2274 | D:4      | Reached skill level 4 in Shapeshifting
  2281 | D:4      | Found a radiant altar of Vehumet.
  2281 | D:4      | Found a shimmering altar of Xom.
  2413 | D:4      | Found a runed translucent gate.
  2413 | D:4      | Found a runed translucent gate.
  2413 | D:4      | Found a runed translucent gate.
  2413 | D:4      | Noticed pigah's ghost (amateur OpSh)
  2415 | D:4      | Found a basalt altar of Yredelemnul.
  2424 | D:4      | Your scales start taking on a golden yellow colour.
  2424 | D:4      | Reached XP level 7. HP: 57/57 MP: 7/7
  2424 | D:4      | Gained mutation: You are resistant to acid. (rCorr) [Yellow
                  | Draconian growth]
  2438 | D:4      | Killed pigah's ghost
  2664 | D:4      | Found a staircase to the Ecumenical Temple.
  2853 | D:5      | Entered Level 5 of the Dungeon
  2976 | D:5      | Reached skill level 3 in Stealth
  3079 | D:5      | Reached skill level 4 in Ranged Weapons
  3123 | D:5      | Reached skill level 4 in Fighting
  3123 | D:5      | Reached skill level 3 in Evocations
  3136 | D:5      | Reached XP level 8. HP: 45/66 MP: 8/8
  3834 | D:5      | Identified the ring of Jiriran {Str+6 Int+2}
  4299 | D:6      | Found a burning altar of Makhleb.
  4311 | D:6      | Reached skill level 5 in Ranged Weapons
  4453 | D:6      | Reached skill level 4 in Stealth
  4453 | D:6      | Reached skill level 5 in Shapeshifting
  4510 | D:6      | Reached skill level 5 in Fighting
  4510 | D:6      | Reached skill level 4 in Evocations
  4539 | D:6      | Found a stormy altar of Qazlal.
  5011 | D:7      | Reached skill level 6 in Ranged Weapons
  5011 | D:7      | Reached XP level 9. HP: 74/74 MP: 9/9
  5603 | D:7      | Reached skill level 5 in Stealth
  6068 | Temple   | Entered the Ecumenical Temple
  6169 | D:8      | Noticed Psyche
  6328 | D:7      | Reached skill level 6 in Fighting
  6328 | D:7      | Reached skill level 5 in Evocations
  6332 | D:7      | HP: 7/75 [poisoned by a killer bee]
  6338 | D:7      | HP: 5/75 [poisoned by a killer bee]
  6572 | D:8      | Reached skill level 7 in Ranged Weapons
  6592 | D:8      | Reached skill level 6 in Shapeshifting
  6819 | D:8      | Noticed a centaur warrior
  6826 | D:8      | Noticed a gargoyle
  6830 | D:8      | a centaur warrior changed into a two-headed ogre
  6830 | D:8      | Noticed a two-headed ogre
  6842 | D:8      | Killed a two-headed ogre
  6843 | D:8      | Reached XP level 10. HP: 84/84 MP: 10/10
  7029 | D:8      | HP: 6/79 [gargoyle/+0 mace (21)]
  7031 | D:8      | Killed a gargoyle
  7032 | D:8      | Reached skill level 8 in Ranged Weapons
  7292 | D:8      | Reached skill level 7 in Fighting
  7292 | D:8      | Reached skill level 6 in Evocations
  7336 | D:8      | Found a white marble altar of Elyvilon.
  7507 | D:8      | Found an opulent altar of Gozag.
  7513 | D:8      | Found Gozag's Platinum Reserve.
  7517 | D:8      | Became a worshipper of Gozag Ym Sagoz the Greedy
  7572 | D:8      | Killed Psyche
  7702 | D:9      | Noticed a two-headed ogre
  7713 | D:9      | Killed a two-headed ogre
  8072 | D:9      | Reached skill level 7 in Shapeshifting
  8088 | D:9      | Reached skill level 9 in Ranged Weapons
  8099 | D:9      | HP: 1/88 [orc priest/divine providence (11)]
  8101 | D:9      | Slain by an orc warrior

Vanquished Creatures
  2 two-headed ogres
  A gargoyle (D:8)
  Psyche (D:8)
  2 wyverns (D:8)
  6 yaks (D:9)
  A water moccasin (D:4)
  3 ice beasts
  4 orc warriors
  4 black bears
  A sky beast (D:7)
  6 centaurs
  The ghost of pigah the Changeling, an amateur OpSh (D:4)
  A phantom (D:6)
  A kobold brigand (D:9)
  3 bullfrogs
  2 scorpions
  2 gnoll sergeants
  10 wights
  8 killer bees
  A howler monkey (D:6)
  4 hounds
  4 orc priests
  A gnoll bouda (D:6)
  Terence (D:2)
  Jessica (D:2)
  3 iguanas
  7 orc wizards
  A hound zombie (D:4)
  16 gnolls
  10 adders
  A shadow imp (D:6)
  2 white imps
  2 ufetubi (D:6)
  An adder zombie (D:4)
  A worm (D:2)
  14 orcs
  6 ball pythons
  6 endoplasms
  5 goblins
  7 hobgoblins
  2 quokkas
  5 bats
  5 frilled lizards
  13 kobolds
  6 rats
184 creatures vanquished.

Table legend: (Time is in decaauts)
 A = Elapsed time spent in this place.
 B = Non-inter-level travel time spent in this place.
 C = Inter-level travel time spent in this place.
 D = Time resting spent in this place.
 E = Time spent auto-exploring this place.
 F = Levels seen in this place.
 G = Mean time per level.
                   A        B        C        D        E       F      G
               +--------+--------+--------+--------+--------+-----+--------+
         Total |   8155 |   7631 |    524 |    193 |   6188 |  10 |  815.5 |
       Dungeon |   8154 |   7630 |    524 |    193 |   6188 |   9 |  906.0 |
        Temple |      1 |      1 |      0 |      0 |      0 |   1 |    1.0 |
               +--------+--------+--------+--------+--------+-----+--------+

Top non-repeatable levels by time:
     D:5: 1496 daAuts
     D:7: 1480 daAuts
     D:8: 1034 daAuts
     D:4: 935 daAuts
     D:1: 861 daAuts
     D:6: 707 daAuts
     D:3: 661 daAuts
     D:9: 511 daAuts
     D:2: 466 daAuts
  Temple: 1 daAuts

Table legend:
 A = Non-vault XP
 B = Vault XP
 C = Vault XP percentage of total XP
 D = Non-vault monster count
 E = Vault monster count
 F = Vault count percentage of total count
                 A         B        C        D         E       F
            +---------+---------+-------+---------+---------+-------
      Total |    7330 |    2527 |  25.6 |     166 |      18 |   9.8
            +---------+---------+-------+---------+---------+-------
        D:1 |      20 |       0 |   0.0 |      14 |       0 |   0.0
        D:2 |      55 |      75 |  57.7 |      18 |       2 |  10.0
        D:3 |      46 |      24 |  34.3 |      15 |       2 |  11.8
        D:4 |     533 |     129 |  19.5 |      20 |       3 |  13.0
        D:5 |     673 |     247 |  26.8 |      11 |       2 |  15.4
        D:6 |     855 |       0 |   0.0 |      26 |       0 |   0.0
        D:7 |    1250 |      59 |   4.5 |      22 |       1 |   4.3
        D:8 |    1557 |    1993 |  56.1 |      25 |       8 |  24.2
        D:9 |    2341 |       0 |   0.0 |      15 |       0 |   0.0
            +---------+---------+-------+---------+---------+-------
